[Event "fics rated crazyhouse match"]
[Site "fics, Oklahoma City, OK USA"]
[Date "2000.03.10"]
[White "venomous"]
[WhiteElo "2395"]
[Black "Gobi"]
[BlackElo "2215"]
[TimeControl "180+0"]
[Result "0-1"]

1. e4 e5 2. Nf3 Nc6 3. Nc3 Bc5 4. Be2 Nf6 5. d3 O-O 6. Bg5 
h6 7. Bh4 Be7 8. O-O d6 9. Bxf6 Bxf6 10. Nd5 Bg4 11. Nxf6+ Qxf6 
12. N@d5 Qd8 13. B@b5 Re8 14. Ne3 Be6 15. Bxc6 bxc6 16. N@f5 B@h7 17. c3 
B@d7 18. d4 Bexf5 19. Nxf5 Bdxf5 20. exf5 Bxf5 21. dxe5 dxe5 22. B@b7 P@h3 
23. gxh3 P@g2 24. P@d4 gxf1=Q+ 25. Qxf1 N@f4 26. P@g2 Bxh3 27. gxh3 P@g2 28. Qxg2 
Nxg2 29. Bxc6 Nf4 30. B@f1 Nxe2+ 31. Bxe2 R@g2+ 32. Kh1 Rxf2 33. P@g2 Rxg2 
34. P@h7+ Kxh7 35. B@e4+ Kh8 36. N@g4 Rxg4 37. hxg4 P@g2+ 38. Kxg2 N@f4+ 39. Kf2 
Q@g2+ 40. Ke1 Qxe2# 
{venomous checkmated} 0-1

[Event "fics rated crazyhouse match"]
[Site "fics, Oklahoma City, OK USA"]
[Date "2000.03.10"]
[White "Gobi"]
[WhiteElo "2227"]
[Black "venomous"]
[BlackElo "2383"]
[TimeControl "180+0"]
[Result "0-1"]

1. e4 e6 2. Nc3 Nc6 3. Nf3 Bb4 4. Bb5 Nf6 5. Qe2 a6 6. Bxc6 
dxc6 7. O-O B@g4 8. a3 Bxf3 9. Qxf3 N@e5 10. axb4 Nxf3+ 11. gxf3 Nxe4 
12. Nxe4 P@g2 13. Kxg2 e5 14. B@h1 Qh4 15. B@g3 Bh3+ 16. Kg1 Qe7 17. P@g2 
Bf5 18. Re1 Bxe4 19. fxe4 N@d4 20. N@f5 Nxf5 21. exf5 N@d4 22. B@e4 Rd8 
23. f6 Qxf6 24. N@g4 Qe6 25. Nxe5 Qxe5 26. Bxe5 N@e2+ 27. Rxe2 Q@d1+ 28. Q@e1 
Nxe2+ 29. Kf1 R@g1# 
{Gobi checkmated} 0-1

[Event "fics rated crazyhouse match"]
[Site "fics, Oklahoma City, OK USA"]
[Date "2000.03.10"]
[White "venomous"]
[WhiteElo "2388"]
[Black "Gobi"]
[BlackElo "2222"]
[TimeControl "180+0"]
[Result "1-0"]

1. e4 e5 2. Nf3 Bc5 3. Nc3 d6 4. Be2 Nc6 5. d3 h6 6. O-O 
Nf6 7. Nd5 Be6 8. Nxf6+ Qxf6 9. N@h5 Qg6 10. Nh4 Qh7 11. Bg4 Nd4 
12. Bxe6 Nxe6 13. B@f5 B@g6 14. Nxg6 Qxg6 15. Bxg6 fxg6 16. B@f5 N@f8 17. Qg4 
gxf5 18. exf5 Nd4 19. Nxg7+ Kd8 20. Q@e8# 
{Gobi checkmated} 1-0

[Event "fics rated crazyhouse match"]
[Site "fics, Oklahoma City, OK USA"]
[Date "2000.03.10"]
[White "Gobi"]
[WhiteElo "2218"]
[Black "venomous"]
[BlackElo "2392"]
[TimeControl "180+0"]
[Result "0-1"]

1. e4 e6 2. d4 Nc6 3. Nf3 Nf6 4. Nc3 Bb4 5. e5 Ne4 6. Bd2 
Nxd2 7. Qxd2 B@g4 8. Rg1 d6 9. exd6 cxd6 10. N@e3 Bh5 11. g4 Bg6 
12. P@h5 Bxc3 13. bxc3 N@e4 14. hxg6 Nxd2 15. gxf7+ Kf8 16. Nxd2 P@f4 17. Nec4 
Nxd4 18. cxd4 P@e3 19. fxe3 fxe3 20. Nxe3 Q@c3 21. Nd1 Qxa1 22. B@b2 Qxa2 
23. B@b3 Qaa5 24. d5 Qh4+ 25. P@f2 P@e3 26. Bxg7+ Kxg7 27. N@h5+ Kxf7 28. N@h6+ 
Ke7 29. Nxe3 Qxd2+ 30. Kxd2 Qxf2+ 31. Q@e2 P@c3+ 32. Kxc3 N@e4+ 33. Kb2 B@c3+ 
34. Ka3 P@b4+ 35. Ka4 R@a3+ 36. Kb5 Qxe2+ 37. Bxe2 Q@a6# 
{Gobi checkmated} 0-1

[Event "fics rated crazyhouse match"]
[Site "fics, Oklahoma City, OK USA"]
[Date "2000.03.10"]
[White "venomous"]
[WhiteElo "2396"]
[Black "Gobi"]
[BlackElo "2214"]
[TimeControl "180+0"]
[Result "1-0"]

1. e4 e6 2. d4 Nc6 3. Be3 d5 4. e5 Nge7 5. Nh3 Nf5 6. Be2 
Be7 7. O-O O-O 8. Nc3 f6 9. exf6 Bxf6 10. P@e5 Bh4 11. Bg4 Nxe3 
12. fxe3 P@f2+ 13. Kh1 B@f5 14. Bxf5 exf5 15. Nf4 B@e6 16. N@f3 b6 17. Nxh4 
Qxh4 18. B@g3 Qh6 19. Ncxd5 Bxd5 20. Nxd5 N@e4 21. B@f4 g5 22. B@h5 gxf4 
23. Bxf4 Qxf4 24. P@f7+ Kh8 25. exf4 N@g3+ 26. hxg3 Nxg3+ 27. Kh2 Nxf1+ 28. Qxf1 
B@g1+ 29. Kg3 B@h2+ 30. Kf3 Nxd4+ 31. Ke3 R@e4+ 32. Kd2 Bxf4+ 33. Nxf4 P@e3+ 
34. Kc3 Nb5+ 35. Qxb5 
{Gobi forfeits on time} 1-0

[Event "fics rated crazyhouse match"]
[Site "fics, Oklahoma City, OK USA"]
[Date "2000.03.10"]
[White "Gobi"]
[WhiteElo "2210"]
[Black "venomous"]
[BlackElo "2400"]
[TimeControl "180+0"]
[Result "0-1"]

1. e4 e6 2. d4 Nc6 3. Be3 Nf6 4. Bd3 d5 5. e5 Ne4 6. Ne2 
Bb4+ 7. c3 Be7 8. Ng3 Ng5 9. h4 Ne4 10. Nxe4 dxe4 11. Bxe4 Bxh4 
12. N@h5 P@d5 13. Bc2 Bg5 14. Nxg7+ Kd7 15. Qf3 Bxe3 16. fxe3 B@g6 17. P@f5 
N@g5 18. Qf2 Bxf5 19. Nxf5 exf5 20. Bxf5+ P@e6 21. B@f6 exf5 22. Bxd8 N@d3+ 
23. Kf1 Nxf2 24. Bxg5 Ne4 25. B@h4 Q@c1+ 26. N@e1 Qxb2 27. P@d3 B@a6 28. P@c4 
Bxc4 29. dxc4 P@f2 30. e6+ fxe6 31. Q@f7+ P@e7 32. cxd5 P@e2# 
{Gobi checkmated} 0-1

[Event "fics rated crazyhouse match"]
[Site "fics, Oklahoma City, OK USA"]
[Date "2000.03.10"]
[White "venomous"]
[WhiteElo "2404"]
[Black "Gobi"]
[BlackElo "2206"]
[TimeControl "180+0"]
[Result "1-0"]

1. e4 Nf6 2. Nc3 d5 3. exd5 Nxd5 4. Bc4 e6 5. Nh3 Nc6 6. O-O 
Nd4 7. P@e3 Nf5 8. e4 Nxc3 9. dxc3 Nd6 10. Be2 e5 11. Ng5 P@f6 
12. Nxf7 Nxf7 13. Qxd8+ Nxd8 14. N@d5 Bd6 15. P@c5 O-O 16. cxd6 cxd6 17. B@h6 
N@h4 18. Q@g3 P@g5 19. Bhxg5 fxg5 20. Bxg5 Nxg2 21. P@e7 Ne6 22. exf8=Q+ Kxf8 
23. P@e7+ Kf7 24. Qxg2 Bd7 25. N@d8+ Kg8 26. Nf6+ gxf6 27. Bxf6+ P@g7 28. P@f7# 
{Gobi resigns} 1-0

[Event "fics rated crazyhouse match"]
[Site "fics, Oklahoma City, OK USA"]
[Date "2000.03.10"]
[White "Gobi"]
[WhiteElo "2202"]
[Black "venomous"]
[BlackElo "2408"]
[TimeControl "180+0"]
[Result "0-1"]

1. e4 e6 2. d4 Nc6 3. Nf3 Nf6 4. Bd3 d5 5. Nc3 Bb4 6. e5 
Ne4 7. Bd2 Nxd2 8. Qxd2 B@e4 9. Be2 Bxf3 10. gxf3 N@g2+ 11. Kd1 Bxc3 
12. Qxc3 Nf4 13. B@b5 Nxe2 14. Bxe2 B@b4 15. Qd3 N@f4 16. Qe3 Nxe2 17. Kxe2 
B@h6 18. f4 Qh4 19. B@g3 Qh5+ 20. f3 Qf5 21. Rac1 Bd7 22. N@h4 Qh5 
23. a3 Be7 24. N@g2 Bxh4 25. Nxh4 N@c4 26. Qb3 Nxd4# 
{Gobi resigns} 0-1

[Event "fics rated crazyhouse match"]
[Site "fics, Oklahoma City, OK USA"]
[Date "2000.03.10"]
[White "venomous"]
[WhiteElo "2412"]
[Black "Gobi"]
[BlackElo "2198"]
[TimeControl "180+0"]
[Result "1-0"]

1. e4 e5 2. Nf3 Nc6 3. Nc3 Nf6 4. d3 Bc5 5. Be2 h6 6. Nd5 
Ng4 7. O-O d6 8. c3 O-O 9. d4 Bb6 10. dxe5 dxe5 11. P@d4 P@d6 
12. Nxe5 Ngxe5 13. dxe5 dxe5 14. P@f6 gxf6 15. Bxh6 N@h7 16. P@g7 Re8 17. Nxb6 
axb6 18. Qxd8 Rxd8 19. Q@h8# 
{Gobi checkmated} 1-0

[Event "fics rated crazyhouse match"]
[Site "fics, Oklahoma City, OK USA"]
[Date "2000.03.10"]
[White "Gobi"]
[WhiteElo "2194"]
[Black "venomous"]
[BlackElo "2416"]
[TimeControl "180+0"]
[Result "0-1"]

1. e4 e6 2. d4 Nc6 3. Nf3 Nf6 4. Bg5 Be7 5. Nbd2 d5 6. Bxf6 
Bxf6 7. e5 Be7 8. Bd3 B@g6 9. Nf1 Bxd3 10. cxd3 B@h5 11. N@c2 Bd7 
12. Ng3 Bxf3 13. gxf3 N@g2+ 14. Kd2 Bg5+ 15. B@e3 Nxe3 16. fxe3 B@f2 17. N@g4 
Bfxe3+ 18. Ngxe3 P@f4 19. Nh5 fxe3+ 20. Ke2 Rg8 21. B@g3 N@f5 22. B@c3 b5 
23. a3 a5 24. b3 b4 25. Bb2 bxa3 26. Rxa3 P@e4 27. fxe4 Nxg3+ 28. Nxg3 
dxe4 29. dxe4 B@b4 30. Ra1 Nxe5 31. dxe5 Bb5+ 32. Kf3 Qxd1+ 33. Raxd1 P@g4+ 
34. Kxg4 h5+ 35. Kh3 Q@f3 36. P@d7+ Bxd7 37. P@f2 
{Gobi resigns} 0-1

[Event "fics rated crazyhouse match"]
[Site "fics, Oklahoma City, OK USA"]
[Date "2000.03.10"]
[White "venomous"]
[WhiteElo "2420"]
[Black "Gobi"]
[BlackElo "2190"]
[TimeControl "180+0"]
[Result "0-1"]

1. e4 e5 2. Nf3 Nc6 3. Nc3 Nf6 4. d3 Bb4 5. Bg5 d6 6. Be2 
Be6 7. O-O Bxc3 8. bxc3 N@f4 9. B@h4 Rg8 10. d4 Nxe2+ 11. Qxe2 B@c4 
12. N@d3 exd4 13. cxd4 P@g4 14. P@e5 gxf3 15. Qxf3 Nxd4 16. Qe3 Bxd3 17. Qxd3 
dxe5 18. P@f5 Bd7 19. B@c5 N@e2+ 20. Kh1 N@f4 21. Bxd4 Nxd3 22. cxd3 Nxd4 
23. N@d5 P@h3 24. Rg1 hxg2+ 25. Rxg2 B@f3 26. Rg1 P@h3 27. N@e1 hxg2+ 28. Nxg2 
P@h3 29. Ne3 hxg2+ 30. Nxg2 Bxg2+ 31. Rxg2 Bxf5 32. Bxf6 Bh3 33. B@f1 P@f3 
34. N@e3 fxg2+ 35. Nxg2 N@f3 
{venomous resigns} 0-1

[Event "fics rated crazyhouse match"]
[Site "fics, Oklahoma City, OK USA"]
[Date "2000.03.10"]
[White "Gobi"]
[WhiteElo "2203"]
[Black "venomous"]
[BlackElo "2407"]
[TimeControl "180+0"]
[Result "0-1"]

1. e4 e6 2. d4 Nc6 3. Nf3 Nf6 4. Nc3 Bb4 5. Bd3 d5 6. e5 
Ne4 7. Bd2 Nxd2 8. Qxd2 B@e4 9. Be2 Bxf3 10. gxf3 N@g2+ 11. Kd1 Bxc3 
12. bxc3 N@b2+ 13. Kc1 Nc4 14. Bxc4 dxc4 15. a4 Nxe5 16. dxe5 Qxd2+ 17. Kxd2 
P@e3+ 18. fxe3 Q@f2+ 19. Q@e2 Qxe2+ 20. Kxe2 B@d3+ 21. cxd3 Q@c2+ 22. B@d2 cxd3+ 
23. Kf1 Nxe3+ 24. Bxe3 P@g2+ 25. Kg1 gxh1=Q+ 26. Kxh1 P@g2+ 27. Kg1 R@h1# 
{Gobi checkmated} 0-1

[Event "fics rated crazyhouse match"]
[Site "fics, Oklahoma City, OK USA"]
[Date "2000.03.10"]
[White "venomous"]
[WhiteElo "2411"]
[Black "Gobi"]
[BlackElo "2199"]
[TimeControl "180+0"]
[Result "1-0"]

1. e4 b6 2. d4 Bb7 3. Bd3 e6 4. Be3 Nf6 5. Nd2 d5 6. e5 
Ne4 7. Nh3 Be7 8. O-O O-O 9. f3 Ng5 10. Nxg5 Bxg5 11. f4 Be7 
12. Qh5 N@e4 13. N@g5 Bxg5 14. fxg5 N@f5 15. B@f6 gxf6 16. gxf6 Nxf6 17. exf6 
Qxf6 18. Bg5 Qxd4+ 19. P@e3 Qg7 20. Bxf5 exf5 21. N@h6+ Kh8 22. Nxf5 Nd7 
23. P@h6 B@e5 24. hxg7+ Bxg7 25. Bh6 B@e5 26. Nf3 P@g6 27. Nxe5 
{Gobi resigns} 1-0

[Event "fics rated crazyhouse match"]
[Site "fics, Oklahoma City, OK USA"]
[Date "2000.03.10"]
[White "Oddyseus"]
[WhiteElo "2253"]
[Black "XXNoWay"]
[BlackElo "2345"]
[TimeControl "60+0"]
[Result "0-1"]

1. e4 e6 2. Nc3 Nf6 3. d4 d5 4. exd5 exd5 5. Nf3 Be7 6. Be2 
Bg4 7. Be3 P@e4 8. Ne5 Bxe2 9. Nxe2 B@h5 10. B@h3 O-O 11. P@e6 fxe6 
12. Bxe6+ P@f7 13. Bh3 Nc6 14. P@g4 Nxe5 15. gxh5 N@f3+ 16. gxf3 Nxf3+ 17. Kf1 
Nxh5 18. B@g4 Nf6 19. Nf4 Nxg4 20. Bxg4 B@g5 21. Bxf3 exf3 22. Qxf3 B@e4 
23. Qg4 Bxf4 24. Bxf4 P@g2+ 25. Ke2 gxh1=Q 26. N@h6+ Kh8 27. Rxh1 P@f3+ 28. Kd2 
N@c4+ 29. Kc1 R@a1+ 30. B@b1 Bf6 31. N@h5 Bxc2 32. Kxc2 Bxd4 33. Nxg7 Bxg7 
34. Qxg7+ Kxg7 35. N@f5+ Kf6 36. B@g5+ Ke6 37. Ng7+ Kd7 38. B@g4+ Kc6 39. Bxf3 
N@b4+ 40. Kb3 Q@a4+ 41. Kc3 b5 42. Bxd5+ Kb6 43. Bxc4 Qa3+ 44. P@b3 P@d4+ 
45. Kd2 Qxb2+ 46. Ke1 Rxb1# 
{Oddyseus forfeits on time} 0-1

[Event "fics rated crazyhouse match"]
[Site "fics, Oklahoma City, OK USA"]
[Date "2000.03.10"]
[White "XXNoWay"]
[WhiteElo "2351"]
[Black "Oddyseus"]
[BlackElo "2247"]
[TimeControl "60+0"]
[Result "1-0"]

1. e4 e6 2. Nc3 Ne7 3. Nf3 d5 4. d4 Nbc6 5. e5 Nf5 6. Bb5 
Be7 7. O-O O-O 8. Bxc6 bxc6 9. N@h5 B@g6 10. Nxg7 Nxg7 11. P@f6 Bxf6 
12. exf6 Qxf6 13. B@e5 Qf5 14. Bxg7 Kxg7 15. N@e7 Qf6 16. Nxg6 Qxg6 17. Nh4 
N@h3+ 18. Kh1 N@e4 19. Nxg6 Nexf2+ 20. Rxf2 Nxf2+ 21. Kg1 Nxd1 22. N@h5+ Kxg6 
23. Q@g7+ Kxh5 24. Qg5# 
{Oddyseus checkmated} 1-0

[Event "fics rated crazyhouse match"]
[Site "fics, Oklahoma City, OK USA"]
[Date "2000.03.10"]
[White "Oddyseus"]
[WhiteElo "2241"]
[Black "XXNoWay"]
[BlackElo "2357"]
[TimeControl "60+0"]
[Result "1-0"]

1. e4 e6 2. Nc3 Nf6 3. d4 d5 4. e5 Ne4 5. f3 Nxc3 6. bxc3 
Nc6 7. Nh3 Be7 8. Be2 O-O 9. O-O f5 10. Rb1 N@g5 11. Nxg5 Bxg5 
12. Bxg5 Qxg5 13. N@h3 Qg6 14. N@f4 Qf7 15. B@h5 g6 16. Bb5 gxh5 17. Bxc6 
bxc6 18. N@h6+ Kg7 19. Nxf7 Kxf7 20. Nxh5 B@e3+ 21. P@f2 B@g7 22. Nxg7 Kxg7 
23. fxe3 Kg8 24. Ng5 Bd7 25. B@f6 B@g7 26. Bxg7 Kxg7 27. B@f6+ Rxf6 28. exf6+ 
Kxf6 29. Nxh7+ Ke7 30. Q@f6+ Ke8 31. R@f8# 
{XXNoWay checkmated} 1-0

[Event "fics rated crazyhouse match"]
[Site "fics, Oklahoma City, OK USA"]
[Date "2000.03.10"]
[White "XXNoWay"]
[WhiteElo "2346"]
[Black "Oddyseus"]
[BlackElo "2252"]
[TimeControl "60+0"]
[Result "1-0"]

1. e4 e6 2. Nc3 Ne7 3. Nf3 d5 4. e5 Nbc6 5. d4 Nf5 6. Bb5 
Be7 7. O-O O-O 8. Bf4 f6 9. Bxc6 bxc6 10. N@h5 fxe5 11. Bxe5 P@f6 
12. Bf4 B@g6 13. Ng3 Nxg3 14. hxg3 N@f5 15. g4 Nd6 16. P@h5 Bf7 17. Bxd6 
Bxd6 18. N@h4 Ba6 19. N@g6 Bxf1 20. Qxf1 R@h6 21. Nxf8 Qxf8 22. B@e3 B@f4 
23. R@h3 Bxe3 24. fxe3 N@g5 25. Nxg5 fxg5 26. B@e5 gxh4 27. Bxd6 cxd6 28. B@g5 
B@f6 29. Bxh6 gxh6 30. Qxf6 B@g7 31. Qf2 N@g3 32. R@f3 N@e4 33. Rxf7 Nxf2 
34. Rxf8+ Rxf8 35. N@e7+ Kh8 36. B@g6 Q@h1+ 37. Rxh1 Nh3+ 38. Rxh3 R@f1+ 39. Kh2 
Rh1+ 40. Rxh1 
{Oddyseus forfeits on time} 1-0

[Event "fics rated crazyhouse match"]
[Site "fics, Oklahoma City, OK USA"]
[Date "2000.03.10"]
[White "Oddyseus"]
[WhiteElo "2246"]
[Black "XXNoWay"]
[BlackElo "2352"]
[TimeControl "60+0"]
[Result "1-0"]

1. e4 d6 2. Nc3 Nf6 3. d4 Bg4 4. Be2 Bxe2 5. Ngxe2 Nc6 6. Bf4 
e5 7. dxe5 dxe5 8. Bg5 Bc5 9. O-O B@e6 10. P@d5 P@h3 11. B@f3 hxg2 
12. Bxg2 P@h3 13. Bf3 Bxd5 14. exd5 P@g2 15. Re1 Nd4 16. Nxd4 Bxd4 17. B@e3 
Bxe3 18. Bxe3 B@b4 19. B@g4 O-O 20. Bxh3 Bxc3 21. bxc3 N@h4 22. Bfxg2 Nxg2 
23. Bxg2 B@h5 24. B@f3 N@h4 25. P@g3 Nxg2 26. Bxg2 Bxd1 27. Raxd1 B@g4 28. P@h6 
Bxd1 29. hxg7 Q@g6 30. N@h6+ Qxh6 31. Bxh6 N@g6 32. gxf8=Q+ Qxf8 33. Bxf8 Rxf8 
34. N@h6+ Kh8 35. P@g7+ Kxg7 36. N@f5# 
{XXNoWay resigns} 1-0

[Event "fics rated crazyhouse match"]
[Site "fics, Oklahoma City, OK USA"]
[Date "2000.03.10"]
[White "VanceIII"]
[WhiteElo "2155"]
[Black "Kingwalker"]
[BlackElo "2287"]
[TimeControl "120+0"]
[Result "0-1"]

1. e4 e6 2. d4 a6 3. Nc3 b5 4. Nf3 Bb7 5. Be3 b4 6. Na4 
Bxe4 7. Bd3 Bc6 8. Nc5 d6 9. Ne4 Nf6 10. Bg5 Be7 11. Bxf6 gxf6 
12. N@g7+ Kd7 13. Qe2 Qg8 14. Nh5 Qxg2 15. Nhxf6+ Kd8 16. Rg1 Qh3 17. P@g7 
Re8 18. Nxe8 Bxe8 19. g8=Q B@c6 20. Qg3 Qh6 21. Rd1 N@f5 22. Qg7 Nxg7 
23. Rxg7 Qxg7 24. N@h5 R@h1+ 25. R@g1 Rxg1+ 26. Kd2 Qh6+ 27. Qe3 P@c3+ 28. bxc3 
Qxe3+ 29. fxe3 Rxd1+ 30. Kxd1 R@b1+ 31. R@c1 Rxc1+ 32. Kxc1 R@a1+ 33. R@b1 P@b2+ 
34. Kd2 Q@c1+ 35. Rxc1 bxc1=Q+ 36. Ke2 Qf1+ 37. Kd2 Rd1# 
{VanceIII checkmated} 0-1

[Event "fics rated crazyhouse match"]
[Site "fics, Oklahoma City, OK USA"]
[Date "2000.03.10"]
[White "Kingwalker"]
[WhiteElo "2292"]
[Black "VanceIII"]
[BlackElo "2150"]
[TimeControl "120+0"]
[Result "1-0"]

1. e4 d5 2. exd5 e6 3. dxe6 Bxe6 4. d4 Nf6 5. Be3 Bb4+ 6. c3 
Bf5 7. cxb4 P@c2 8. B@a4+ Nc6 9. Bxc2 Nxb4 10. Bxf5 P@e6 11. B5d3 Nxd3+ 
12. Bxd3 B@e4 13. Nf3 Bxd3 14. Qxd3 B@e4 15. B@a4+ c6 16. Qxe4 Nxe4 17. B@a3 
Qd7 18. N@e5 Qc7 19. Nc3 Nxc3 20. bxc3 O-O-O 21. P@d6 Rxd6 22. Bxd6 Qxd6 
23. R@a8+ B@b8 24. P@d7+ Kc7 25. Nxc6 bxc6 26. B@e5 Qxe5 27. dxe5 N@d3+ 28. Kf1 
P@e2+ 29. Kg1 Q@f1+ 30. Rxf1 exf1=Q+ 31. Kxf1 B@e2+ 32. Kxe2 N@f4+ 33. Kd1 Kxd7 
34. Rxa7+ P@c7 35. Q@d6+ Ke8 36. Q@e7# 
{VanceIII checkmated} 1-0

[Event "fics rated crazyhouse match"]
[Site "fics, Oklahoma City, OK USA"]
[Date "2000.03.10"]
[White "VanceIII"]
[WhiteElo "2145"]
[Black "Kingwalker"]
[BlackElo "2297"]
[TimeControl "120+0"]
[Result "0-1"]

1. e4 e6 2. d4 a6 3. Nc3 b5 4. Nf3 Bb7 5. d5 b4 6. dxe6 
fxe6 7. Ne5 P@f7 8. Bd3 bxc3 9. bxc3 d6 10. Ng4 h5 11. Ne3 Nf6 
12. P@d5 exd5 13. exd5 Nxd5 14. Nxd5 Bxd5 15. Qe2+ P@e5 16. P@g6 Qd7 17. gxf7+ 
Qxf7 18. N@g5 Qe7 19. Bg6+ Kd8 20. P@e4 Bc6 21. Nf7+ Qxf7 22. Bxf7 N@f6 
23. Bg5 N@f4 24. Bxf6+ gxf6 25. P@b7 Ra7 26. Q@c8+ Ke7 27. Qxc7+ N@d7 28. Bb3 
P@g6 29. N@c8+ Ke8 30. Nxd6+ Bxd6 31. Qxd6 B@e7 32. P@f7+ Kf8 33. Qxe7+ Kxe7 
34. B@b4+ P@d6 35. Bxd6+ Kxd6 
{VanceIII forfeits on time} 0-1

[Event "fics rated crazyhouse match"]
[Site "fics, Oklahoma City, OK USA"]
[Date "2000.03.10"]
[White "Leech"]
[WhiteElo "2221"]
[Black "Kingwalker"]
[BlackElo "2302"]
[TimeControl "180+0"]
[Result "1-0"]

1. e4 e6 2. d4 a6 3. Nc3 b5 4. Nf3 Bb7 5. d5 b4 6. Ne2 
Nf6 7. Bg5 Be7 8. dxe6 dxe6 9. Qxd8+ Bxd8 10. e5 Nd5 11. Bxd8 Kxd8 
12. B@g5+ P@f6 13. exf6 gxf6 14. P@g7 Re8 15. Q@f8 fxg5 16. Qxe8+ Kxe8 17. R@h8+ 
Kd7 18. g8=Q P@d2+ 19. Nxd2 B@f6 20. Qe8+ Kd6 21. Ne4+ Ke5 22. Nxf6 Kxf6 
23. P@e5+ Kxe5 24. B@d4+ Ke4 25. f3+ Kf5 26. Qxf7+ P@f6 27. g4# 
{Kingwalker checkmated} 1-0

[Event "fics rated crazyhouse match"]
[Site "fics, Oklahoma City, OK USA"]
[Date "2000.03.10"]
[White "Kingwalker"]
[WhiteElo "2292"]
[Black "Leech"]
[BlackElo "2231"]
[TimeControl "180+0"]
[Result "0-1"]

1. e4 e6 2. d4 d5 3. e5 Ne7 4. Be3 Nf5 5. Bd3 Nc6 6. c3 
Bd7 7. Nh3 Qh4 8. O-O Nxe3 9. fxe3 B@g4 10. N@f3 Qxh3 11. gxh3 Bxh3 
12. Rf2 N@g4 13. Re2 P@f2+ 14. Rxf2 Nxf2 15. Kxf2 R@g2+ 16. Ke1 Nxe5 17. P@f2 
Nxd3+ 18. Qxd3 P@e4 19. Qf1 exf3 20. N@e5 B@e2 21. Qh1 N@c2+ 22. Kd2 Nxa1 
23. Na3 R@d1+ 24. Qxd1 Bxd1 25. N@f4 Rxf2+ 26. Kc1 P@d2+ 27. Kb1 Q@c1# 
{Kingwalker checkmated} 0-1

[Event "fics rated crazyhouse match"]
[Site "fics, Oklahoma City, OK USA"]
[Date "2000.03.10"]
[White "Leech"]
[WhiteElo "2240"]
[Black "Kingwalker"]
[BlackElo "2283"]
[TimeControl "180+0"]
[Result "1-0"]

1. e4 e6 2. d4 Nf6 3. Nc3 Bb4 4. Bg5 Nxe4 5. Bxd8 Nxc3 6. bxc3 
Bxc3+ 7. N@d2 Kxd8 8. Nf3 d6 9. Rb1 B@h6 10. Bc4 P@e3 11. fxe3 Bxe3 
12. Q@h4+ P@f6 13. P@f2 Bexd2+ 14. Nxd2 N@f5 15. Qe4 Nc6 16. d5 Ne5 17. dxe6 
fxe6 18. Qxe5 fxe5 19. N@f7+ Ke7 20. Nxh8 P@e3 21. R@f7+ Ke8 22. Rxf5 exd2+ 
23. Kf1 P@f6 24. P@f7+ Ke7 25. N@g8+ Kd7 26. f8=Q Q@e1+ 27. Qxe1 dxe1=Q+ 28. Rxe1 
N@d2+ 29. Kg1 N@f3+ 30. gxf3 Nxf3+ 31. Rxf3 c5 32. Q@e8+ Kc7 33. B@d8# 
{Kingwalker resigns} 1-0

[Event "fics rated crazyhouse match"]
[Site "fics, Oklahoma City, OK USA"]
[Date "2000.03.10"]
[White "Kingwalker"]
[WhiteElo "2274"]
[Black "Leech"]
[BlackElo "2249"]
[TimeControl "180+0"]
[Result "1-0"]

1. e4 e6 2. d4 d5 3. e5 Ne7 4. Be3 Nf5 5. Bd3 Nc6 6. c3 
Bd7 7. Nd2 Qh4 8. Kf1 Nxe3+ 9. fxe3 B@f5 10. Bxf5 exf5 11. Ngf3 Qd8 
12. N@f4 B@e4 13. B@b3 Be6 14. Nxe4 fxe4 15. Nd2 N@d3 16. Qh5 Nxf4 17. exf4 
N@e3+ 18. Kg1 Bg4 19. Qg5 Qxg5 20. fxg5 Nxg2 21. Nxe4 P@f2+ 22. Nxf2 Nf4 
23. Bxd5 Nxd5 24. Nxg4 B@f3 25. B@h3 Bxg4 26. Bxg4 Nxe5 27. P@d7+ Ke7 28. B@c5+ 
P@d6 29. dxe5 N@f3+ 30. Bxf3 dxc5 31. N@c8+ Kxd7 32. B@h3+ P@e6 33. Bxd5 Rxc8 
34. Bxb7 N@e2+ 35. Kf1 
{Leech forfeits on time} 1-0

[Event "fics rated crazyhouse match"]
[Site "fics, Oklahoma City, OK USA"]
[Date "2000.03.10"]
[White "Leech"]
[WhiteElo "2242"]
[Black "Kingwalker"]
[BlackElo "2281"]
[TimeControl "180+0"]
[Result "0-1"]

1. e4 e6 2. d3 Nf6 3. Nc3 d5 4. Bg5 d4 5. Nce2 Nc6 6. Nf3 
Bb4+ 7. c3 dxc3 8. bxc3 Be7 9. Ned4 h6 10. Bxf6 Bxf6 11. Nxc6 Bxc3+ 
12. P@d2 Bxd2+ 13. Qxd2 bxc6 14. N@e5 P@d4 15. Nxd4 Qxd4 16. B@c3 Qd6 17. N@c4 
Qc5 18. d4 Qb5 19. Nd6+ cxd6 20. Bxb5 cxb5 21. Q@c6+ B@d7 22. Nxd7 P@b7 
23. Nf6+ Ke7 24. Qxd6+ Kxd6 25. Bb4+ Kc7 26. Qf4+ Kb6 27. Qd6+ P@c6 28. Qc5+ 
Ka6 29. a4 N@d3+ 30. Kd2 Nxc5 31. axb5+ Kxb5 32. Bxc5 N@c4+ 33. Ke2 B@d3+ 
34. Kxd3 Q@d2# 
{Leech checkmated} 0-1

[Event "fics rated crazyhouse match"]
[Site "fics, Oklahoma City, OK USA"]
[Date "2000.03.10"]
[White "Kingwalker"]
[WhiteElo "2288"]
[Black "Leech"]
[BlackElo "2235"]
[TimeControl "180+0"]
[Result "0-1"]

1. e4 e6 2. d4 d5 3. e5 Nc6 4. Nh3 Nge7 5. Nf4 Nf5 6. Be3 
Qh4 7. g3 Qe7 8. Nc3 Qb4 9. Bb5 Qxb2 10. Ncxd5 exd5 11. Nxd5 N@e6 
12. Bxc6+ bxc6 13. N@f6+ gxf6 14. Nxf6+ Kd8 15. P@g2 P@g7 16. d5 Bb4+ 17. Kf1 
Ba6+ 18. Kg1 N@e2+ 19. Qxe2 Bxe2 20. Rf1 Qxe5 21. N@b7+ Ke7 22. dxe6 gxf6 
23. h3 Bxf1 24. N@f4 Qxf4 25. P@f3 Qxf3 26. Rh2 Bxg2 27. P@d6+ Bxd6 28. Rxg2 
R@e1+ 29. B@f1 N@e2+ 30. Kh2 Rxf1 31. Nxd6 Q@h1# 
{Kingwalker checkmated} 0-1

[Event "fics rated crazyhouse match"]
[Site "fics, Oklahoma City, OK USA"]
[Date "2000.03.10"]
[White "Leech"]
[WhiteElo "2244"]
[Black "Kingwalker"]
[BlackElo "2279"]
[TimeControl "180+0"]
[Result "1-0"]

1. e4 e6 2. d4 Nf6 3. Nc3 Nc6 4. Bg5 Be7 5. Nf3 d5 6. e5 
Ne4 7. Bxe7 Qxe7 8. Bb5 Qb4 9. B@a3 Qxa3 10. bxa3 Nxc3 11. Bxc6+ bxc6 
12. Qd3 B@b2 13. O-O Bxa1 14. Rxa1 B@e4 15. Qxc3 N@e2+ 16. Kh1 Nxc3 17. B@b4 
B@d8 18. N@h5 R@g6 19. Nxg7+ Rxg7 20. N@f6+ Bxf6 21. exf6 N@f5 22. fxg7 N@g3+ 
23. fxg3 Nxg3+ 24. hxg3 Q@h6+ 25. R@h4 Qf6 26. gxh8=Q+ Qxh8 27. Q@e7# 
{Kingwalker checkmated} 1-0

[Event "fics rated crazyhouse match"]
[Site "fics, Oklahoma City, OK USA"]
[Date "2000.03.10"]
[White "Kingwalker"]
[WhiteElo "2270"]
[Black "Leech"]
[BlackElo "2253"]
[TimeControl "180+0"]
[Result "1-0"]

1. e4 e6 2. d4 d5 3. exd5 exd5 4. Nc3 Nf6 5. Be3 Nc6 6. Bb5 
Bg4 7. P@f3 Bf5 8. Nge2 Bb4 9. O-O P@h3 10. gxh3 Bxh3 11. Re1 O-O 
12. a3 Bxc3 13. Nxc3 P@g4 14. fxg4 Bxg4 15. P@f3 Bxf3 16. Qxf3 P@g4 17. Qg2 
N@f3+ 18. Kh1 Nxe1 19. Rxe1 P@h3 20. Qg3 Nxd4 21. N@f4 P@g2+ 22. Nxg2 hxg2+ 
23. Qxg2 Nxb5 24. Nxb5 B@f3 25. B@f1 N@h4 26. N@f4 Nxg2 27. Nxg2 R@h5 28. Bf4 
Ne4 29. B@d4 Nxf2+ 30. Bxf2 P@h3 31. N@e3 hxg2+ 32. Nxg2 N@h4 33. N@e3 Nxg2 
34. Nxg2 N@e4 35. Rxe4 dxe4 36. Nd4 R@h3 37. Nxf3 gxf3 38. Ne3 Rxh2+ 39. Bxh2 
Rxh2+ 40. Kxh2 P@g2 41. R@h3 gxf1=Q 42. N@h6+ gxh6 43. R@g3+ B@g6 44. Nxf1 B@f4 
45. N@e3 Bxe3 46. Nxe3 N@f5 47. Nxf5 N@f1+ 48. Kg1 Nxg3 49. Nxh6+ Kh8 50. P@g7+ 
Kxg7 51. N@f5+ Nxf5 52. Nxf5+ Bxf5 53. B@h6+ Kf6 54. B@g5+ Ke5 55. N@d3+ Kd6 
56. P@c5# 
{Leech forfeits on time} 1-0

[Event "fics rated crazyhouse match"]
[Site "fics, Oklahoma City, OK USA"]
[Date "2000.03.11"]
[White "olsson"]
[WhiteElo "2142"]
[Black "Eyefor"]
[BlackElo "2410"]
[TimeControl "180+0"]
[Result "1-0"]

1. e4 e5 2. Bc4 Qg5 3. Nf3 Qf6 4. d3 Bb4+ 5. c3 Bd6 6. Bg5 
Qg6 7. h4 h6 8. h5 hxg5 9. hxg6 Rxh1+ 10. Kd2 Rxd1+ 11. Kxd1 Q@f1+ 
12. R@e1 B@e2+ 13. Kc2 Bxd3+ 14. Bxd3 Qxf2+ 15. Re2 Qxf3 16. gxf3 N@d8 17. gxf7+ 
Nxf7 18. P@g6 Ngh6 19. gxf7+ Nxf7 20. B@g6 R@f8 21. N@h7 P@f6 22. Nxf8 Bxf8 
23. R@g8 N@e6 24. Bxf7+ Kxf7 25. Rxf8+ Nxf8 26. N@h8+ Kg8 27. B@f7+ Kh7 28. Q@g8+ 
Kh6 29. Q@h5# 
{Eyefor checkmated} 1-0